Map: 国王藏宝地-天梯版

Players

Replicant

  • Race: Terran Terran
  • League: Gold

StriKE - Winner!

  • Race: Terran Terran
  • League: Grandmaster

Event: WESG 2018 Grand Finals

VOD

Have the link to the VOD?

Description

Time

  • Played on: March 11, 2019, 6:21 a.m.
  • Length: 13:13

All games in this series

Show
View Real Time Build Order
Export as new Build Order

Replicant Terran 

Build Orders: Mech 

Get SALT Encoding   

  12  0:00  SCV  
  13  0:13  SCV  
  14  0:18  Supply Depot  
  14  0:25  SCV  
  15  0:29  Refinery  
  15  0:40  SCV  
  16  0:46  Barracks  
  16  0:52  SCV  
  16  0:56  Refinery  
  17  1:04  SCV  
  18  1:16  SCV  
  19  1:32  Orbital Command  
  19  1:33  Reaper  
  19  1:37  Factory  
  20  1:51  Supply Depot  
  20  1:58  SCV  
  21  2:05  Reaper  
  22  2:10  SCV  
  23  2:21  Hellion  
  23  2:22  SCV  
  26  2:29  Command Center  
  26  2:34  SCV  
  27  2:37  Reaper  
  27  2:42  Hellion  
  30  2:47  Supply Depot  
  30  2:49  SCV  
  31  2:58  Starport  
  31  3:06  Factory Tech Lab  
  31  3:09  SCV  
  31  3:10  Barracks Tech Lab  
  32  3:21  SCV  
  32  3:25  Cyclone  
  36  3:33  SCV  
  36  3:34  Refinery  
  37  3:42  Orbital Command  
  37  3:44  Raven  
  37  3:45  SCV  
  40  3:57  SCV  
  40  4:01  Cyclone  
  44  4:09  SCV x2  
  45  4:21  SCV  
  45  4:22  SCV  
  44  4:33  SCV  
  44  4:34  SCV  
  44  4:36  Raven  
  48  4:45  SCV  
  49  4:46  SCV  
  50  4:53  Siege Tank, Command Center  
  50  4:57  SCV  
  50  4:59  Barracks Reactor  
  54  5:02  SCV  
  54  5:03  Refinery  
  51  5:09  SCV  
  51  5:13  Supply Depot  
  52  5:14  SCV  
  52  5:15  Supply Depot  
  53  5:21  SCV  
  54  5:29  SCV  
  52  5:36  SCV  
  52  5:39  Siege Tank  
  52  5:41  SCV  
  57  5:45  Armory  
  57  5:46  Armory  
  57  5:48  SCV  
  57  5:49  Viking x2  
  62  5:54  SCV  
  63  6:00  SCV  
  64  6:06  Supply Depot, SCV, Factory  
  65  6:11  Factory  
  65  6:12  SCV  
  65  6:16  Orbital Command  
  65  6:18  SCV  
  67  6:21  Barracks Reactor  
  67  6:24  SCV  
  68  6:26  Viking  
  68  6:28  Viking  
  68  6:30  SCV  
  73  6:36  SCV  
  73  6:39  Engineering Bay  
  74  6:44  Terran Vehicle Weapons Level 1, Refinery x2, Terran Vehicle And Ship Armor Level 1  
  70  6:55  SCV x2  
  72  7:07  SCV x2  
  76  7:11  Orbital Command  
  76  7:14  Missile Turret  
  76  7:15  Missile Turret  
  73  7:18  Hellion x2  
  73  7:19  SCV x2, Siege Tank x2  
  82  7:31  SCV x2  
  82  7:33  Supply Depot  
  82  7:35  Supply Depot  
  84  7:39  SCV  
  84  7:43  Hellion x2, SCV x2  
  91  7:45  Viking  
  91  7:46  Factory  
  91  7:47  Factory  
  93  7:55  SCV, Siege Tank, Viking  
  93  7:58  Siege Tank  
  102  8:00  SCV x2  
  102  8:03  Supply Depot  
  104  8:07  SCV  
  104  8:12  SCV x2  
  107  8:16  Supply Depot x2  
  107  8:17  Supply Depot  
  107  8:19  SCV  
  108  8:24  SCV, Viking  
  108  8:25  Viking  
  113  8:31  Siege Tank  
  113  8:33  Factory Tech Lab, Factory Reactor  
  116  8:38  Hellion x2, Siege Tank  
  123  8:45  Supply Depot  
  123  8:47  Supply Depot, SCV x2  
  125  8:49  Supply Depot  
  125  8:54  Siege Tank  
  125  8:59  Hellion x2  
  125  9:01  Viking x2  
  133  9:04  Siege Tank  
  133  9:08  Terran Vehicle Weapons Level 2  
  136  9:12  Supply Depot x2  
  136  9:18  Terran Vehicle And Ship Armor Level 2  
  136  9:19  Siege Tank  
  136  9:21  Hellion x2  
  143  9:29  Siege Tank  
  144  9:32  Viking  
  146  9:38  Supply Depot  
  146  9:43  Siege Tank  
  153  9:45  Hellion x2  
  153  9:53  Missile Turret, Viking, Command Center  
  153  9:57  SCV x3  
  154  10:04  Refinery  
  150  10:08  Refinery  
  150  10:09  SCV x3  
  146  10:21  SCV x2  
  146  10:22  SCV  
  89  10:28  Viking x2  
  149  10:33  SCV  
  149  10:34  Siege Tank x2, SCV  
  161  10:41  SCV  
  162  10:46  SCV x2  
  162  10:49  Siege Tank  
  167  10:50  Hellion x2  
  171  11:06  Thor x2  
  171  11:07  Viking  
  185  11:14  SCV x2, Planetary Fortress  
  192  11:26  Hellion x3  
  190  11:34  Viking  
  190  11:37  Viking  
  187  11:46  Starport x2  
  185  12:03  SCV x3  
  185  12:04  Viking  
  185  12:07  Viking  
  194  12:23  Command Center  
  197  12:30  Thor x2  
  200  12:41  Hellion  
  173  12:51  Missile Turret  
  155  12:54  Missile Turret  
Show
View Real Time Build Order
Export as new Build Order

StriKE Terran - Winner!

Build Orders: 1/1/1, Liberator Opening, Mech 

Get SALT Encoding   

  12  0:00  SCV  
  13  0:13  SCV  
  14  0:18  Supply Depot  
  14  0:25  SCV  
  15  0:30  Refinery  
  15  0:40  SCV  
  16  0:45  Barracks  
  16  0:52  SCV  
  16  0:56  Refinery  
  17  1:04  SCV  
  18  1:16  SCV  
  19  1:32  Orbital Command  
  19  1:33  Reaper  
  19  1:38  Factory  
  20  1:50  Supply Depot  
  20  1:58  SCV  
  21  2:05  Reaper  
  22  2:12  SCV  
  23  2:22  Starport  
  25  2:23  Hellion  
  25  2:24  SCV  
  26  2:30  Supply Depot  
  26  2:36  SCV  
  27  2:37  Reaper  
  27  2:42  Liberator  
  30  2:44  Hellion  
  30  2:48  SCV  
  31  3:03  SCV  
  35  3:07  Hellion  
  35  3:12  Barracks Tech Lab  
  36  3:27  Command Center  
  36  3:39  Siege Tank  
  39  3:42  Starport Tech Lab  
  39  3:52  Supply Depot  
  39  4:07  Command Center  
  39  4:13  SCV  
  39  4:15  Siege Tank  
  43  4:23  Banshee  
  43  4:29  Cloaking Field  
  43  4:43  Orbital Command  
  43  4:49  Siege Tank  
  44  5:09  Banshee  
  44  5:14  Orbital Command  
  45  5:18  SCV  
  46  5:22  Refinery x2  
  46  5:23  Orbital Command  
  44  5:37  Siege Tank  
  44  5:41  SCV  
  48  5:51  Starport  
  48  5:54  SCV  
  49  5:57  Barracks Reactor  
  49  6:03  SCV  
  49  6:04  SCV  
  51  6:07  Engineering Bay  
  51  6:08  Supply Depot  
  51  6:09  SCV, Supply Depot  
  52  6:18  Siege Tank  
  54  6:24  Orbital Command  
  54  6:28  Raven  
  54  6:31  SCV  
  57  6:35  SCV  
  58  6:42  Factory  
  58  6:44  SCV  
  59  6:49  SCV  
  59  6:50  SCV  
  61  6:56  SCV  
  61  7:01  SCV  
  63  7:02  SCV  
  64  7:10  Siege Tank  
  64  7:12  Viking  
  64  7:13  Viking  
  64  7:15  SCV x2  
  70  7:18  Refinery  
  70  7:20  Refinery  
  70  7:27  SCV  
  70  7:29  Factory  
  69  7:30  Factory Tech Lab  
  69  7:33  SCV  
  70  7:40  SCV  
  70  7:41  Armory  
  71  7:44  SCV  
  71  7:45  Armory  
  71  7:48  Raven  
  71  7:49  Command Center  
  74  7:56  Viking  
  76  8:02  SCV x2  
  76  8:03  SCV  
  79  8:13  Factory Reactor  
  79  8:14  SCV x2  
  79  8:17  SCV  
  79  8:19  Siege Tank  
  85  8:20  Siege Tank  
  85  8:26  SCV  
  85  8:27  SCV  
  90  8:33  Viking  
  92  8:37  Supply Depot x2  
  92  8:38  Terran Vehicle Weapons Level 1, Supply Depot  
  92  8:40  Terran Vehicle And Ship Armor Level 1, Viking  
  94  8:41  SCV  
  94  8:45  SCV  
  94  8:47  Raven  
  98  8:53  SCV  
  98  8:54  Siege Tank  
  101  8:59  Hellion x2  
  105  9:07  Factory  
  105  9:13  Viking  
  105  9:14  Viking  
  105  9:17  SCV x3  
  111  9:18  Engineering Bay  
  111  9:26  Command Center  
  111  9:28  Siege Tank  
  111  9:29  Hellion  
  116  9:38  Factory  
  116  9:39  SCV  
  116  9:41  Supply Depot  
  117  9:53  SCV  
  117  9:57  Siege Tank  
  117  9:58  Viking  
  123  10:03  Siege Tank  
  126  10:11  Hellion x2  
  126  10:26  SCV  
  127  10:28  Sensor Tower  
  127  10:29  Siege Tank  
  127  10:31  Sensor Tower  
  127  10:33  Infernal Pre-Igniter  
  127  10:34  Factory Tech Lab, Factory Reactor  
  127  10:35  Siege Tank  
  130  10:41  Viking x2  
  134  10:47  Starport  
  134  10:56  Thor  
  140  11:03  SCV  
  141  11:11  Viking x2  
  143  11:12  Terran Ship Weapons Level 1  
  145  11:24  Hellion  
  147  11:27  Supply Depot  
  147  11:29  Hellion x2, Supply Depot  
  147  11:44  Viking x3  
  153  12:02  Siege Tank x3  
  153  12:03  Hellion x2  
  164  12:22  Hellion x2  
  168  12:25  Viking x2  
  172  12:38  Viking  
  172  12:41  Siege Tank x2  
  159  12:44  Hellion x2  
Tags
 
Add a new tag
Caveats
  • Supply blocks, unpowered buildings, or Contaminate may cause inaccurate times.
  • Supply counts are checked every 10 seconds.